 Dungeon Crawl Stone Soup version 0.21.0-3-g78d12a8 (webtiles) character file.

9311 Mgcat the Cleaver (level 11, -15/83 (84) HPs)
             Began as a Human Berserker on Jan 8, 2018.
             Was a High Priest of Trog.
             Demolished by a skeletal warrior
             ... wielding a cursed -3 dire flail
             ... led by a skeletal warrior
              (19 damage)
             ... on level 10 of the Dungeon.
             The game lasted 00:39:41 (12167 turns).

Mgcat the Cleaver (Human Berserker)                Turns: 12167, Time: 00:39:42

HP:   -15/83 (84)   AC: 16    Str: 20    XL:     11   Next: 72%
MP:   33/33         EV:  7    Int:  9    God:    Trog [*****.]
Gold: 500           SH:  5    Dex: 17    Spells: 10/10 levels left

rFire    . . .     SeeInvis .   J - +10 scimitar of the Unkillable {venom, MP+9 Str+3 Int+2}
rCold    . . .     Gourm    .   x - +0 buckler
rNeg     . . .     Faith    +   I - +0 plate armour (curse)
rPois    .         Spirit   .   (no helmet)
rElec    .         Reflect  .   e - +2 cloak
rCorr    .         Harm     .   (no gloves)
MR       ++...                  (no boots)
Stlth    ..........             u - amulet of faith
HPRegen  1.23/turn              n - ring of stealth
MPRegen  0.23/turn              G - ring of magical power

@: berserk cooldown, regenerating, slowed, very slow
A: no striking features
a: Berserk, Trog's Hand, Brothers in Arms, Burn Spellbooks, Renounce Religion


You were on level 10 of the Dungeon.
You worshipped Trog.
Trog was extremely pleased with you.
You were hungry.

You visited 1 branch of the dungeon, and saw 11 of its levels.

You collected 740 gold pieces.
You spent 240 gold pieces at shops.

Inventory:

Hand Weapons
 a - a +2 whip of electrocution
 b - a +0 war axe
 J - the +10 scimitar of the Unkillable (weapon) {venom, MP+9 Str+3 Int+2}
   (You bought it in a shop on level 10 of the Dungeon)

   It poisons the flesh of those it strikes.
   It affects your strength (+3).
   It affects your intelligence (+2).
   It affects your magic capacity (+9).
 K - a +0 mace of venom
Armour
 e - a +2 cloak (worn)
 x - a +0 buckler (worn)
 D - a +0 chain mail
 I - a cursed +0 plate armour (worn)
Jewellery
 n - a ring of stealth (left hand)
 u - an amulet of faith (around neck)
 G - a ring of magical power (right hand)
 H - an uncursed ring of ice
Wands
 p - a wand of random effects (40)
 F - a wand of disintegration (26)
Scrolls
 d - 3 scrolls of fog
 g - 4 scrolls of identify
 h - 3 scrolls of remove curse
 o - a scroll of enchant armour {unknown}
 q - 4 scrolls of teleportation
 s - a scroll of immolation {unknown}
 t - a scroll of blinking
 v - 3 scrolls of enchant weapon {unknown}
 y - a scroll of random uselessness {unknown}
 C - 2 scrolls of holy word {unknown}
Potions
 f - 3 potions of berserk rage {unknown}
 i - a potion of magic {unknown}
 j - 3 potions of lignification
 k - 2 potions of brilliance
 l - a potion of heal wounds
 m - 4 potions of flight
 r - a potion of resistance
 w - 3 potions of agility
 z - 2 potions of curing
 A - a potion of mutation
 B - a potion of might
 E - 2 potions of degeneration
Comestibles
 c - 12 rations


   Skills:
 + Level 7.2 Fighting
 + Level 1.8 Long Blades
 + Level 12.6 Axes
 + Level 6.8 Armour
 - Level 2.0 Dodging
 - Level 4.0 Shields
 + Level 6.3 Evocations


You had 10 spell levels left.
You didn't know any spells.

Dungeon Overview and Level Annotations

Branches:
Dungeon (11/15)            Temple (0/1) D:6            Lair (0/6) D:9
    Orc: D:9-12

Altars:
Ru

Shops:
D:4 ?   D:9 !:%?   D:10 (


Message History

The skeletal warrior hits you but does no damage.
You feel a strong urge to attack something.
The skeletal warrior hits you but does no damage.
There is an open door here.
You feel your anger nearly subside.
You are no longer berserk.
You are exhausted.
You feel yourself slow down.
You slash the skeletal warrior!
The skeletal warrior is lightly damaged.
The skeletal warrior hits you but does no damage.
The skeletal warrior hits you from afar with a glaive.
* * * LOW HITPOINT WARNING * * *
The skeletal warrior hits you with a dire flail!
* * * LOW HITPOINT WARNING * * *
Your plate armour prevents you from hitting the skeletal warrior.
The skeletal warrior is lightly damaged.
The skeletal warrior hits you from afar with a glaive!
* * * LOW HITPOINT WARNING * * *
The skeletal warrior hits you with a dire flail!!
You die...

######...........# #.......#
#...........# ######'##
######'###### ###)# # #.# #...#
## # #.# #รท### #. #### #.# #.#
#. ...########.##### #####'####
#.
.#.'.#......[...####........####.
.#.#............@zz'.(......'....
.#####..........####[>......####.
...# #..........# #.(......# #.
##.# ######.##### ####'##### ##
...# #..# #.## #### #.## #..# .#
#####'##### ##.# .## #.#.....#.#
#.# ..# #.#####.#.# #.#


You could see 2 skeletal warriors.

Vanquished Creatures
  2 two-headed ogres
  An unseen horror (D:10)
  A cyclops (D:11)
  Maurice (D:10)
  A centaur zombie (D:11)
  2 centaur skeletons
  A troll (D:10)
  5 yaks (D:9)
  The ghost of Britaniac the Charmwright, an amateur GnSk (D:3)
  2 hungry ghosts
  Menkaure (D:7)
  A water moccasin (D:7)
  4 orc warriors
  A necrophage (D:7)
  3 ice beasts
  6 ogres
  3 phantoms
  11 centaurs
  2 big kobolds
  5 bullfrogs
  A wyvern skeleton (D:10)
  3 scorpions
  A water moccasin skeleton (D:8)
  5 killer bees (D:10)
  A wight (D:10)
  A howler monkey (D:7)
  2 crimson imps
  A bullfrog zombie (D:5)
  2 jellies
  Crazy Yiuf (D:7)
  5 hounds
  9 orc wizards
  8 orc priests
  2 iguanas (D:9)
  5 worker ants
  A killer bee zombie (D:10)
  A hound zombie (D:7)
  A worker ant zombie (D:8)
  A hound skeleton (D:10)
  13 adders
  6 shadow imps
  3 oozes
  3 adder skeletons
  2 worms (D:3)
  2 dart slugs
  6 leopard geckos
  26 orcs
  5 giant cockroaches
  4 hobgoblins
  8 jackals
  3 quokkas
  A ball python (D:2)
  9 bats
  3 frilled lizards
  9 goblins
  16 kobolds
  A leopard gecko skeleton (D:7)
  A rat (D:1)
226 creatures vanquished.

Notes
Turn   | Place    | Note
-------+----------+-------------------------------------------
     0 | D:1      | Mgcat the Human Berserker began the quest for the Orb.
     0 | D:1      | Reached XP level 1. HP: 18/18 MP: 1/1
   571 | D:1      | Reached XP level 2. HP: 24/24 MP: 2/2
   926 | D:2      | Reached skill level 4 in Axes
   926 | D:2      | Reached XP level 3. HP: 29/29 MP: 3/3
  1011 | D:2      | Reached ** piety under Trog
  1011 | D:2      | Reached XP level 4. HP: 27/35 MP: 4/4
  1187 | D:2      | Reached skill level 5 in Axes
  1388 | D:2      | Reached XP level 5. HP: 37/41 MP: 5/5
  1981 | D:3      | Found a sacrificial altar of Ru.
  2000 | D:3      | Reached skill level 6 in Axes
  2003 | D:3      | Noticed Britaniac's ghost (amateur GnSk)
  2003 | D:3      | Reached XP level 6. HP: 47/47 MP: 6/6
  2140 | D:3      | Killed Britaniac's ghost
  2140 | D:3      | Reached skill level 7 in Axes
  2867 | D:4      | Found Padakk's Magic Scroll Emporium.
  2895 | D:4      | Reached XP level 7. HP: 39/52 MP: 7/7
  3176 | D:4      | Reached skill level 8 in Axes
  3711 | D:5      | Entered Level 5 of the Dungeon
  3733 | D:5      | Reached XP level 8. HP: 55/58 MP: 8/8
  3802 | D:5      | Reached *** piety under Trog
  3802 | D:5      | Reached skill level 9 in Axes
  4496 | D:5      | Reached skill level 10 in Axes
  5362 | D:6      | Reached XP level 9. HP: 49/63 MP: 9/9
  5377 | D:6      | Reached skill level 11 in Axes
  6001 | D:6      | Found a staircase to the Ecumenical Temple.
  6440 | D:7      | Reached skill level 1 in Shields
  6440 | D:7      | Reached skill level 1 in Evocations
  6811 | D:7      | Reached **** piety under Trog
  7072 | D:7      | Noticed Menkaure
  7092 | D:7      | Killed Menkaure
  7409 | D:7      | Found a runed door.
  7809 | D:7      | Noticed Crazy Yiuf
  7813 | D:7      | Killed Crazy Yiuf
  7956 | D:7      | Reached XP level 10. HP: 72/72 MP: 10/12
  9120 | D:9      | Found Zeshraeh's Book Emporium.
  9125 | D:9      | Found a staircase to the Lair.
  9141 | D:9      | Found Wufadil's Distillery.
  9145 | D:9      | Bought a potion of degeneration for 15 gold pieces
  9318 | D:9      | Found Fyitam's Magic Scroll Shoppe.
  9454 | D:9      | Reached skill level 5 in Fighting
  9594 | D:9      | Found Xuluv's Food Boutique.
  9626 | D:9      | Noticed a two-headed ogre
  9638 | D:9      | Killed a two-headed ogre
  9638 | D:9      | Reached skill level 5 in Armour
  9729 | D:9      | Reached skill level 12 in Axes
 10054 | D:10     | Entered Level 10 of the Dungeon
 10061 | D:10     | Found Sijatobb's Antique Weapon Shoppe.
 10136 | D:10     | Noticed a two-headed ogre
 10151 | D:10     | Killed a two-headed ogre
 10420 | D:10     | Reached XP level 11. HP: 77/80 MP: 14/14
 10546 | D:10     | Reached skill level 5 in Evocations
 11172 | D:10     | Killed an unseen horror
 11269 | D:10     | Noticed Maurice
 11291 | D:10     | Killed Maurice
 11406 | D:10     | Bought a blackened scimitar for 225 gold pieces
 11406 | D:10     | Identified the +10 scimitar of the Unkillable {venom, MP+9 Str+3 Int+2} (You bought it in a shop on level 10 of the Dungeon)
 11786 | D:10     | Reached ***** piety under Trog
 11861 | D:11     | Reached skill level 1 in Long Blades
 11897 | D:11     | Noticed a cyclops
 12060 | D:11     | Killed a cyclops
 12087 | D:11     | Noticed a skeletal warrior
 12087 | D:11     | Noticed a skeletal warrior
 12149 | D:11     | Noticed a skeletal warrior
 12167 | D:10     | HP: 4/83 [skeletal warrior/glaive (9)]
 12167 | D:10     | Demolished by a skeletal warrior

Skill      XL: |  1  2  3  4  5  6  7  8  9 10 11 |
---------------+----------------------------------+-----
Axes           | 4 5 6 7 8 10 11 12 | 12.6
Shields        | 2 4 |  4.0
Evocations     | 2 4 6 |  6.3
Armour         | 3 5 6 |  6.8
Fighting       | 4 6 7 |  7.2
Long Blades    | 1 |  1.8
Dodging        | |  2.0

Action                   |  1- 3 |  4- 6 |  7- 9 | 10-12 || total
-------------------------+-------+-------+-------+-------++-------
Melee: Hand axe          |    36 |       |       |       ||    36
       War axe           |    19 |   136 |   197 |       ||   352
       Whip              |       |       |   125 |   313 ||   438
       Scimitar          |       |       |       |    62 ||    62
Invok: Trog's Hand       |       |     3 |     6 |     9 ||    18
       Berserk           |       |     2 |     6 |    10 ||    18
       Burn Spellbooks   |       |       |       |     1 ||     1
  Use: Scroll            |       |       |    14 |       ||    14
 Stab: Sleeping          |       |     3 |       |       ||     3
  Eat: Chunk             |       |     7 |    15 |    24 ||    46
       Ration            |       |     1 |     2 |     2 ||     5
Armor: Leather armour    |     3 |       |       |       ||     3
       Ring mail         |    16 |    76 |       |       ||    92
       Scale mail        |       |       |    69 |       ||    69
       Chain mail        |       |       |    53 |    29 ||    82
       Plate armour      |       |       |       |   161 ||   161
Dodge: Dodged            |    41 |    92 |    98 |   100 ||   331
Block: Buckler           |       |       |    51 |    76 ||   127
       Rpst.: Scimitar   |       |       |       |    11 ||    11
